 Dungeon Crawl Stone Soup version 0.31-a0-83-gbff143cfd1 (webtiles) character file.

Game seed: 198425248018929931

32 garrulousMonolith the Shield-Bearer (level 3, -2/23 HPs)
             Began as a Gargoyle Fighter on May 25, 2023.
             Slain by Natasha (4 damage)
             ... on level 2 of the Dungeon.
             The game lasted 00:01:14 (805 turns).

garrulousMonolith the Shield-Bearer (GrFi)           Turns: 805, Time: 00:01:15

Health: -2/23      AC: 10    Str: 19    XL:     3   Next: 25%
Magic:  3/3        EV:  9    Int: 10    God:
Gold:   33         SH:  4    Dex:  9    Spells: 2/2 levels left

rFire   . . .        i - +0 broad axe
rCold   . . .        c - +0 buckler
rNeg    + . .        b - +0 scale mail
rPois   ∞            (no helmet)
rElec   +            (no cloak)
rCorr   .            (no gloves)
SInv    .            (no boots)
Will    .....        (no amulet) Stlth
                     (no ring)
HPRegen 0.23/turn    (no ring)
MPRegen 0.08/turn

%: no passive effects
@: no status effects
A: sickness immunity, AC +3, negative energy resistance 1, electricity
resistance, torment resistance 1, petrification resistance
a: no special abilities


You were on level 2 of the Dungeon.
You visited 1 branch of the dungeon, and saw 2 of its levels.

You collected 33 gold pieces.

Inventory:

Hand Weapons
 a - a +0 flail
 i - a +0 broad axe (weapon)
Armour
 b - a +0 scale mail (worn)
 c - a +0 buckler (worn)
Scrolls
 e - a scroll of teleportation {unknown}
 f - a scroll of poison {unknown}
 h - a scroll of blinking {unknown}
Potions
 d - a potion of might
 g - a potion of curing


   Skills:
 + Level 3.5 Fighting
 * Level 2.6 Maces & Flails
 + Level 3.5 Armour
 + Level 3.5 Shields
 + Level 1.0 Invocations


You had 2 spell levels left.
You didn't know any spells.
Your spell library contained the following spells:

 Spells                   Type           Power      Damage    Failure   Level
 Alistair's Intoxication  Tmut/Pois      0%         N/A       100%        5
 Borgnjor's Vile Clutch   Necr/Erth      0%         N/A       100%        5
 Fireball                 Conj/Fire      0%         3d3       100%        5
 Iskenderun's Battlesphe  Conj           0%         2d6       100%        5
 Conjure Ball Lightning   Conj/Air       0%         3x3d6     100%        6
 Eringya's Noxious Bog    Tmut/Pois      0%         N/A       100%        6
 Orb of Destruction       Conj           0%         9d5       100%        7


Dungeon Overview and Level Annotations

Branches:
Dungeon (2/15)

Altars:

Annotations:
D:2 Natasha


Innate Abilities, Weirdness & Mutations

You are immune to sickness and miasma.
Your stone body is resilient. (AC +3)
You are immune to poison.
You resist negative energy. (rN+)
You are resistant to electric shocks. (rElec)
You are resistant to unholy torment.
You are immune to petrification.


Message History

You closely miss Natasha. Natasha claws you. You block Natasha's attack.
You barely miss Natasha.
Natasha stares at you and mumbles some strange words.
The magic dart hits you but does no damage.
Natasha claws you.
You closely miss Natasha. Natasha claws you.
You barely miss Natasha. Natasha closely misses you.
You block Natasha's attack.
You slash Natasha!
Natasha is severely wounded.
Natasha closely misses you.
You closely miss Natasha.
Natasha is severely wounded.
You block Natasha's attack.
Natasha drinks a potion.
Natasha is healed!
You barely miss Natasha.
Natasha is moderately wounded.
Natasha stares at you and mumbles some strange words.
The magic dart hits you but does no damage.
Natasha claws you but does no damage.
You closely miss Natasha.
Natasha is moderately wounded.
Natasha mumbles some strange words.
You barely miss Natasha.
Natasha is moderately wounded.
Natasha barely misses you.
The cerulean imp hits you but does no damage.
Natasha barely misses you.
You closely miss Natasha.
Natasha is moderately wounded.
The cerulean imp hits you but does no damage.
Natasha casts a spell at you. The magic dart hits you.
The cerulean imp hits you but does no damage.
You closely miss Natasha.
Natasha is moderately wounded.
Natasha claws you.
* * * LOW HITPOINT WARNING * * *
The cerulean imp hits you but does no damage.
Natasha claws you.
You die...

................#
...........#.##...
.........#....######
.........##........####.
........####...........
#......## #...†......##.
######## #.............
#...5......#
#.....@.:..#
#.....h....#
##......<(.#
#..........#
..............
............##.
##[.........#
...(.......#


You could see Natasha and a cerulean imp (summoned).

Vanquished Creatures
  An adder (D:2)
  3 endoplasms
  3 hobgoblins (D:1)
  A quokka (D:2)
  2 ball pythons (D:1)
  2 bats (D:1)
  3 frilled lizards (D:1)
  5 goblins
  A kobold (D:1)
  2 rats (D:1)
23 creatures vanquished.

Notes
Turn   | Place    | Note
-------+----------+-------------------------------------------
     0 | D:1      | garrulousMonolith the Gargoyle Fighter began the quest for
                  | the Orb.
     0 | D:1      | Reached XP level 1. HP: 14/14 MP: 1/1
   234 | D:1      | Reached XP level 2. HP: 19/19 MP: 2/2
   765 | D:2      | Reached skill level 1 in Invocations
   765 | D:2      | Reached XP level 3. HP: 23/23 MP: 3/3
   791 | D:2      | Noticed Natasha
   805 | D:2      | Slain by Natasha

Illustrated notes

Levels and vault maps discovered:
D:1:      minmay_arrival_checkered_box, layout_basic, minmay_misc_feat_chi
D:2:      layout_rooms, uniq_natasha

Skill      XL: |  1  2 |
---------------+-------+-----
Invocations    | 1 |  1.0
Fighting       | |  3.5
Maces & Flails | |  2.6
Armour         | |  3.5
Shields        | |  3.5

Action                     || total
---------------------------++-------
  Melee: Flail             ||    69
         Broad axe         ||    31
 Armour: Scale mail        ||    61
  Dodge: Dodged            ||    43
  Block: Buckler           ||    17

Table legend: (Time is in decaauts)
 A = Elapsed time spent in this place.
 B = Non-inter-level travel time spent in this place.
 C = Inter-level travel time spent in this place.
 D = Time resting spent in this place.
 E = Time spent auto-exploring this place.
 F = Levels seen in this place.
 G = Mean time per level.
                   A        B        C        D        E       F      G
               +--------+--------+--------+--------+--------+-----+--------+
         Total |    843 |    823 |     20 |      0 |    575 |   2 |  421.5 |
       Dungeon |    843 |    823 |     20 |      0 |    575 |   2 |  421.5 |
               +--------+--------+--------+--------+--------+-----+--------+

Top non-repeatable levels by time:
     D:1: 757 daAuts
     D:2: 86 daAuts
